 Dungeon Sprint DCSS version 0.30-a0-305-g026cb31310 (webtiles) character file.

Game seed: 7842708248108209823

17913 mhtbhm the Bludgeoner (level 12, -9/123 HPs)
             Began as an Armataur Fighter on Oct 22, 2022.
             Was a High Priest of Okawaru.
             Mangled by an orc knight
             ... wielding a +0 war axe
              (24 damage)
             ... in the Dungeon (Sprint IX: "|||||||||||||||||||||||||||||") on Oct 23, 2022.
             The game lasted 00:05:37 (2211 turns).

mhtbhm the Bludgeoner (Armataur Fighter)            Turns: 2211, Time: 00:05:37

Health: -9/123     AC: 24    Str: 30    XL:     12   Next: 23%
Magic:  0/22       EV: 11    Int:  5    God:    Okawaru [*****.]
Gold:   1526       SH:  6    Dex: 10    Spells: 11/11 levels left

rFire   . . .      SeeInvis .    a - +2 morningstar (vorpal)
rCold   + . .      Faith    .    c - +0 buckler
rNeg    + . .      Spirit   .    b - +1 pearl dragon scales "Joutut" {Rampage *Corrode rC+ rN+}
rPois   .          Reflect  .    v - +2 hat {Stlth+}
rElec   .          Harm     .    m - +0 cloak
rCorr   .          Roll     +    r - +3 Mad Mage's Maulers {Infuse+∞ RegenMP Int-3}
Will    .....      NoTele   +    (no barding)
Stlth   ..........               (no amulet)
HPRegen 0.40/turn                n - +3 ring of strength
MPRegen 0.58/turn                o - +2 ring of evasion

@: no status effects
A: large, rugged brown scales 3, deformed body, armoured tail, roll, long
tongue, awkward tongue
a: Renounce Religion, Heroism, Finesse


You were in the Dungeon.
You worshipped Okawaru.
Okawaru was extremely pleased with you.
You visited 1 branch You collected 1526 gold pieces.

Inventory:

Hand Weapons
 a - a +2 vorpal morningstar (weapon)
Missiles
 d - 6 poisoned darts (quivered)
Armour
 b - the +1 pearl dragon scales "Joutut" (worn) {Rampage *Corrode rC+ rN+}
   (Okawaru gifted it to you in the Dungeon)

   rC:        It protects you from cold.
   rN:        It protects you from negative energy.
   *Corrode:  It may corrode you when you take damage.
   Rampage:   It bestows one free step when moving towards enemies.
 c - a +0 buckler (worn)
 m - a +0 cloak (worn)
 r - the +3 Mad Mage's Maulers (worn) {Infuse+∞ RegenMP Int-3}
   (You found it in the Dungeon)

   It empowers its wearer's blows with all of their magic.
   It causes its wearer's magical reserves to regenerate more quickly.
   Int:       It affects your intelligence (-3).
 v - a +2 hat of stealth (worn)
Jewellery
 n - a +3 ring of strength (left hand)
 o - a +2 ring of evasion (right hand)
Wands
 l - a wand of roots (6)
 u - a wand of flame (21)
Scrolls
 k - 2 scrolls of amnesia
 q - a scroll of silence
 s - 6 scrolls of enchant weapon
 t - 2 scrolls of fog
Potions
 e - 6 potions of curing
 f - 4 potions of heal wounds
 h - 4 potions of magic
 i - a potion of brilliance
 p - 2 potions of mutation


   Skills:
 + Level 13.1 Fighting
 + Level 17.4 Maces & Flails
 + Level 16.0 Armour
 + Level 4.3 Dodging
 + Level 11.1 Shields
 * Level 13.4 Invocations
 + Level 1.1 Evocations


You had 11 spell levels left.
You didn't know any spells.
Your spell library was empty.

Dungeon Overview and Level Annotations

Branches:
Dungeon (1/1)

Altars:
Cheibriados
Dithmenos
Elyvilon
Fedhas
Gozag
Hepliaklqana
Kikubaaqudgha
Makhleb
Nemelex Xobeh
Okawaru
Qazlal
Ru
Sif Muna
Trog
Uskayaw
Vehumet
Wu Jian
Xom
Yredelemnul
Zin
The Shining One
Jiyva
Lugonu

Shops:
D [*(!


Innate Abilities, Weirdness & Mutations

You are completely covered in rugged brown scales. (AC +3, +7% HP)
Armour fits poorly on your strangely shaped body.
You have a long armoured tail.
You roll when moving toward enemies. (Rampage)
Your long tongue fully drains potion bottles. (2x potion effects)
Your tongue gives you trouble enunciating. (1.5x scroll delay)


Message History

The orc knight closely misses you.
The orc knight roars a battlecry!
The orc knight goes into a battle-frenzy!
You hit the orc knight.
The orc knight is moderately wounded.
The orc knight hits you with a +1 war axe!!
You bludgeon the orc knight!! You tail-slap the orc knight.
The orc knight is severely wounded.
The orc knight hits you with a +1 war axe!!
You barely miss the orc knight.
The orc knight is severely wounded.
You completely miss the orc knight.
Your tail-slap misses the orc knight.
The orc knight is severely wounded.
The orc knight hits you but does no damage.
You closely miss the orc knight.
Your tail-slap misses the orc knight.
The orc knight is severely wounded.
The orc knight hits you with a +1 war axe.
You puncture the orc knight!
The orc knight is almost dead.
The orc knight hits you with a +1 war axe!!
You barely miss the orc knight.
The orc knight is almost dead.
You completely miss the orc knight.
The orc knight is almost dead.
The orc knight misses you.
You closely miss the orc knight. You tail-slap the orc knight!
The orc knight is almost dead.
The orc knight hits you with a +1 war axe!!
* * * LOW HITPOINT WARNING * * *
You completely miss the orc knight.
The orc knight is almost dead.
The orc knight hits you with a +1 war axe!
* * * LOW HITPOINT WARNING * * *
You bludgeon the orc knight!!
You kill the orc knight!
Okawaru accepts your kill.
Your Armour skill increases to level 16!
You roll towards the orc knight!
You barely miss the orc knight.
The orc knight hits you with a +0 war axe!!
You die...

___________'.....†.....)...<▓
▓▓▓▓▓▓▓▓▓▓▓▓▓▓▓▓▓▓▓▓▓▓▓▓▓▓▓▓▓
............................▓
▓▓▓▓▓▓▓▓▓▓▓▓▓▓▓▓▓▓▓▓▓▓▓▓▓▓▓.▓
......÷.....(.......'.......▓
▓▓▓▓▓▓▓▓▓▓▓▓▓▓▓▓▓▓▓▓▓▓▓▓▓▓▓▓▓
).........)........)........▓
▓▓▓▓▓▓▓▓▓▓▓▓▓▓▓▓▓▓▓▓▓▓▓▓▓▓▓.▓
[.[.....[[[[([oo@.)..[......▓
▓▓▓▓▓▓▓▓▓▓▓▓▓▓▓▓▓▓▓▓▓▓▓▓▓▓▓▓▓


You could see 2 orc knights.

Vanquished Creatures
  Gastronok (D)
  A dire elephant (D)
  A centaur warrior (D)
  7 orc high priests (D)
  7 orc knights (D)
  An orc sorcerer (D)
  7 elephants (D)
  Maurice (D)
  A black mamba (D)
  4 cane toads (D)
  A kobold demonologist (D)
  2 komodo dragons (D)
  2 trolls (D)
  A meliai (D)
  A slime creature (D)
  A blink frog (D)
  A wyvern (D)
  A yak (D)
  An acid dragon (D)
  7 water moccasins (D)
  9 orc warriors (D)
  A wolf (D)
  A centaur (D)
  A kobold brigand (D)
  A bullfrog (D)
  2 scorpions (D)
  6 orc priests (D)
  A hound (D)
  5 orc wizards (D)
  An adder (D)
  4 orcs (D)
  2 goblins (D)
  A hobgoblin (D)
  A quokka (D)
  A frilled lizard (D)
86 creatures vanquished.

Notes
Turn   | Place    | Note
-------+----------+-------------------------------------------
     0 | D        | mhtbhm the Armataur Fighter began the quest for the Orb.
     0 | D        | Reached XP level 1. HP: 19/19 MP: 1/1
    13 | D        | Reached skill level 2 in Maces & Flails
    29 | D        | Noticed a hound
    29 | D        | Noticed a scorpion
    29 | D        | Noticed a water moccasin
    29 | D        | Noticed a scorpion
    34 | D        | Reached XP level 2. HP: 28/28 MP: 2/2
    36 | D        | Killed a scorpion
    37 | D        | Reached skill level 3 in Maces & Flails
    37 | D        | Reached skill level 5 in Shields
    37 | D        | Reached XP level 3. HP: 37/37 MP: 3/3
    37 | D        | Reached XP level 4. HP: 43/43 MP: 4/4
    44 | D        | Killed a water moccasin
    45 | D        | Reached skill level 4 in Maces & Flails
    45 | D        | Reached XP level 5. HP: 26/53 MP: 5/5
    46 | D        | Reached skill level 5 in Maces & Flails
    59 | D        | Found a snail-covered altar of Cheibriados.
    59 | D        | Found a shadowy altar of Dithmenos.
    59 | D        | Found a white marble altar of Elyvilon.
    59 | D        | Found a blossoming altar of Fedhas.
    59 | D        | Found an opulent altar of Gozag.
    60 | D        | Found a hazy altar of Hepliaklqana.
    61 | D        | Found a viscous altar of Jiyva.
    62 | D        | Found an ancient bone altar of Kikubaaqudgha.
    63 | D        | Found a corrupted altar of Lugonu.
    64 | D        | Found a burning altar of Makhleb.
    65 | D        | Found a sparkling altar of Nemelex Xobeh.
    66 | D        | Found an iron altar of Okawaru.
    67 | D        | Found a stormy altar of Qazlal.
    68 | D        | Found a sacrificial altar of Ru.
    69 | D        | Found a shimmering blue altar of Sif Muna.
    70 | D        | Found a bloodstained altar of Trog.
    71 | D        | Found a hide-covered altar of Uskayaw.
    72 | D        | Found a radiant altar of Vehumet.
    73 | D        | Found an ornate altar of the Wu Jian Council.
    74 | D        | Became a worshipper of Warmaster Okawaru
    75 | D        | Found a shimmering altar of Xom.
    76 | D        | Found a basalt altar of Yredelemnul.
    77 | D        | Found a glowing silver altar of Zin.
    78 | D        | Found a glowing golden altar of the Shining One.
   219 | D        | Noticed an acid dragon
   219 | D        | Noticed an orc warrior
   219 | D        | Noticed a centaur
   223 | D        | Reached XP level 6. HP: 62/62 MP: 6/6
   225 | D        | Reached skill level 6 in Maces & Flails
   225 | D        | Reached skill level 1 in Dodging
   229 | D        | Killed an orc warrior
   230 | D        | Reached skill level 7 in Maces & Flails
   230 | D        | Reached XP level 7. HP: 45/70 MP: 6/9
   393 | D        | Noticed a troll
   393 | D        | Noticed a meliai
   393 | D        | Noticed a centaur warrior
   393 | D        | Noticed a kobold demonologist
   393 | D        | Noticed a troll
   393 | D        | Noticed a slime creature
   394 | D        | Noticed a chaos spawn
   403 | D        | Killed a slime creature
   403 | D        | Reached * piety under Okawaru
   404 | D        | Reached skill level 8 in Maces & Flails
   404 | D        | Reached skill level 10 in Armour
   410 | D        | Killed a troll
   411 | D        | Reached skill level 5 in Invocations
   411 | D        | Reached XP level 8. HP: 37/79 MP: 10/12
   413 | D        | Killed a kobold demonologist
   413 | D        | Reached ** piety under Okawaru
   414 | D        | Reached skill level 9 in Maces & Flails
   420 | D        | Killed a centaur warrior
   421 | D        | Reached skill level 10 in Maces & Flails
   423 | D        | Killed a meliai
   423 | D        | Reached *** piety under Okawaru
   424 | D        | Reached XP level 9. HP: 21/88 MP: 11/14
   428 | D        | Killed a troll
   525 | D        | Found the +3 Mad Mage's Maulers {Infuse+∞ RegenMP Int-3}
   558 | D        | Noticed a cane toad
   558 | D        | Noticed a cane toad
   558 | D        | Noticed a cane toad
   560 | D        | Noticed a black mamba
   563 | D        | Reached skill level 11 in Maces & Flails
   564 | D        | Noticed a komodo dragon
   566 | D        | Killed a cane toad
   569 | D        | Noticed a komodo dragon
   574 | D        | Killed a cane toad
   574 | D        | Reached **** piety under Okawaru
   578 | D        | Killed a cane toad
   587 | D        | Killed a black mamba
   588 | D        | Reached skill level 12 in Maces & Flails
   869 | D        | Killed a komodo dragon
   883 | D        | Killed a komodo dragon
   884 | D        | Reached skill level 10 in Fighting
   884 | D        | Reached XP level 10. HP: 99/99 MP: 1/16
   923 | D        | Reached ***** piety under Okawaru
   923 | D        | Noticed a cane toad
   940 | D        | Reached skill level 13 in Maces & Flails
   943 | D        | Killed a cane toad
   943 | D        | Identified the +1 pearl dragon scales "Joutut" {Rampage
                  | *Corrode rC+ rN+} (Okawaru gifted it to you in the Dungeon)
   943 | D        | Received a gift from Okawaru
   984 | D        | Noticed an elephant
   984 | D        | Noticed an elephant
   984 | D        | Noticed an elephant
   984 | D        | Noticed an elephant
   984 | D        | Noticed an elephant
   984 | D        | Noticed an elephant
   986 | D        | Killed an elephant
   987 | D        | Reached skill level 10 in Invocations
   993 | D        | Killed an elephant
   994 | D        | Noticed an elephant
   998 | D        | Killed an elephant
  1005 | D        | Killed an elephant
  1006 | D        | Reached skill level 15 in Armour
  1010 | D        | Killed an elephant
  1011 | D        | Reached skill level 14 in Maces & Flails
  1012 | D        | Killed an elephant
  1017 | D        | Killed an elephant
  1021 | D        | Noticed a dire elephant
  1033 | D        | Killed a dire elephant
  1034 | D        | Reached XP level 11. HP: 38/109 MP: 1/19
  1072 | D        | Noticed Maurice
  1075 | D        | Killed Maurice
  1095 | D        | Noticed Gastronok
  1102 | D        | Killed Gastronok
  1103 | D        | Reached skill level 15 in Maces & Flails
  1249 | D        | Noticed an orc sorcerer
  1259 | D        | Killed an orc sorcerer
  1259 | D        | Noticed an orc knight
  1282 | D        | Killed an orc knight
  1283 | D        | Reached skill level 10 in Shields
  1471 | D        | Noticed an orc high priest
  1477 | D        | Received a gift from Okawaru
  1480 | D        | Noticed an orc knight
  1496 | D        | Killed an orc high priest
  1497 | D        | Reached skill level 16 in Maces & Flails
  1608 | D        | Killed an orc knight
  1791 | D        | Found Uwior's Distillery.
  1791 | D        | Noticed an orc high priest
  1791 | D        | Noticed an orc high priest
  1791 | D        | Noticed an orc knight
  1791 | D        | Noticed an orc high priest
  1791 | D        | Noticed an orc knight
  1897 | D        | Killed an orc knight
  1940 | D        | Killed an orc high priest
  1964 | D        | Killed an orc knight
  1969 | D        | Killed an orc high priest
  1982 | D        | Noticed an orc knight
  1983 | D        | Noticed an orc high priest
  1984 | D        | Killed an orc high priest
  1988 | D        | Noticed a sixfirhy
  1990 | D        | Killed an orc knight
  1991 | D        | Reached skill level 17 in Maces & Flails
  1991 | D        | Reached XP level 12. HP: 94/120 MP: 0/21
  1999 | D        | Killed an orc high priest
  1999 | D        | Received a gift from Okawaru
  2095 | D        | Found Qooguapte's Antique Weapon Shop.
  2099 | D        | Found Qetuupn's Assorted Antiques.
  2102 | D        | Found Anoczed's Armour Shop.
  2102 | D        | Noticed an orc high priest
  2103 | D        | Noticed an orc high priest
  2120 | D        | Killed an orc high priest
  2139 | D        | Killed an orc high priest
  2140 | D        | Reached skill level 1 in Evocations
  2211 | D        | Mangled by an orc knight

Illustrated notes

Levels and vault maps discovered:
D:        linesprint [early_d, line_temple, items_1, d_10, items_2, lair_1,
          lair_end, items_3, orc_1, orc_end, items_4, d_15, swamp_1, shoals_1,
          snake_1, spider_1, d_20, vaults_1, items_5, swamp_end, shoals_end,
          snake_end, spider_end, vaults_end, d_27, items_6, zot_1, zot_end,
          crypt_end, forest_end, elf_end, slime_end, tomb_end, abyss_end,
          pan_hell_end]

Skill      XL: |  1  2  3  4  5  6  7  8  9 10 11 12 |
---------------+-------------------------------------+-----
Fighting       | 3 4 6 7 8 9 10 11 12 13 | 13.1
Armour         | 4 6 7 8 9 10 11 13 15 16 | 16.0
Maces & Flails | 2 3 4 5 7 8 10 12 14 17 | 17.4
Shields        | 4 5 6 7 8 9 10 11 | 11.1
Dodging        | 1 2 4 |  4.3
Invocations    | 3 5 7 9 11 13 | 13.4
Evocations     | 1 |  1.1

Action                   |  1- 3 |  4- 6 |  7- 9 | 10-12 || total
-------------------------+-------+-------+-------+-------++-------
Melee: Flail             |    15 |    13 |       |       ||    28
       Tailslap          |     1 |     1 |     7 |    49 ||    58
       Morningstar       |       |     9 |    67 |   248 ||   324
Evoke: Wand              |       |       |       |     4 ||     4
  Use: Potion            |     1 |     1 |     5 |     2 ||     9
       Scroll            |       |       |     1 |     1 ||     2
 Stab: Invisible         |       |       |     4 |       ||     4
Armor: Scale mail        |     4 |     3 |       |       ||     7
       Chain mail        |       |     5 |    29 |     8 ||    42
       Pearl dragon scal |       |       |       |    64 ||    64
Dodge: Dodged            |     4 |     5 |    36 |    63 ||   108
Block: Buckler           |     1 |     1 |    18 |    50 ||    70

Table legend: (Time is in decaauts)
 A = Elapsed time spent in this place.
 B = Non-inter-level travel time spent in this place.
 C = Inter-level travel time spent in this place.
 D = Time resting spent in this place.
 E = Time spent auto-exploring this place.
 F = Levels seen in this place.
 G = Mean time per level.
                   A        B        C        D        E       F      G
               +--------+--------+--------+--------+--------+-----+--------+
         Total |   2145 |   2145 |      0 |    844 |      3 |   1 | 2145.0 |
       Dungeon |   2145 |   2145 |      0 |    844 |      3 |   1 | 2145.0 |
               +--------+--------+--------+--------+--------+-----+--------+

Top non-repeatable levels by time:
       D: 2145 daAuts
